 Dungeon Crawl Stone Soup version 0.31-a0-202-g547052bce9 (webtiles) character file.

Game seed: 12472950998005415446

51 qw the Shooter (level 3, -3/20 HPs)
             Began as a Deep Elf Hunter on June 26, 2023.
             Killed from afar by Natasha (5 damage)
             ... with a magic dart
             ... on level 2 of the Dungeon.
             The game lasted 00:00:30 (1090 turns).

qw the Shooter (Deep Elf Hunter)                    Turns: 1090, Time: 00:00:31

Health: -3/20      AC:  3    Str: 10    XL:     3   Next: 58%
Magic:  5/5        EV: 12    Int: 13    God:
Gold:   107        SH:  0    Dex: 18    Spells: 2/2 levels left

rFire   . . .        Y - +0 shortbow
rCold   . . .        (shield currently unavailable)
rNeg    . . .        c - +0 leather armour
rPois   .            (no helmet)
rElec   .            (no cloak)
rCorr   .            (no gloves)
SInv    .            (no boots)
Will    .....        (no amulet)
Stlth   ++           (no ring)
HPRegen 0.23/turn    (no ring)
MPRegen 0.09/turn

%: no passive effects
@: no status effects
A: no striking features
a: no special abilities


You were on level 2 of the Dungeon.
You visited 1 branch of the dungeon, and saw 2 of its levels.

You collected 107 gold pieces.


   Skills:
 - Level 1.5 Fighting
 + Level 7.1 Ranged Weapons
 - Level 2.4 Dodging
 - Level 1.2 Stealth


You had 2 spell levels left.
You didn't know any spells.
Your spell library was empty.

Inventory:

Hand Weapons
 Y - a +0 shortbow (weapon)
Armour
 c - a +0 leather armour (worn)
Jewellery
 d - a ring of see invisible
Scrolls
 f - a scroll of identify
Potions
 a - a potion of heal wounds {unknown}
 b - a potion of attraction {unknown}
 e - a potion of degeneration {unknown}
 g - a potion of enlightenment {unknown}
 h - a potion of lignification {unknown}

Dungeon Overview and Level Annotations

Branches:
Dungeon (2/15)

Altars:

Annotations:
D:2 Natasha


Message History

Enter note:
Enter note:
Enter note:
Enter note: A quokka comes into view.
Enter note:
Enter note:
Enter note:
Enter note:
Enter note:
Enter note: You shoot an arrow.
The arrow hits the quokka.
The quokka is moderately wounded.
You hear an angry hiss.
Natasha, Servant of Life and Death comes into view.
Natasha mumbles some strange words.
You shoot an arrow. The arrow hits Natasha.
Natasha is lightly wounded.
You shoot an arrow. The arrow hits Natasha!
Natasha is severely wounded.
You shoot an arrow. The arrow closely misses Natasha.
The arrow closely misses the quokka.
The cerulean imp hits you from afar with a +2 spear.
Natasha claws you.
You shoot an arrow. The arrow barely misses Natasha.
The arrow hits the cerulean imp.
The cerulean imp is lightly wounded.
The cerulean imp hits you from afar with a +2 spear.
Natasha stares at you and mumbles some strange words.
You resist with some effort.
You shoot an arrow.
The arrow hits Natasha but does no damage.
Natasha is severely wounded.
The cerulean imp misses you. Natasha claws you.
You shoot an arrow. The arrow closely misses Natasha.
The arrow misses the cerulean imp.
The quokka bites you. The cerulean imp closely misses you.
Natasha stares at you and mumbles some strange words.
The magic dart hits you.
You die...

.# ####. #......#
+#'#### ..########
(...... .# ..##
....... . .....
.......#. ##...#
......... .....#
........# .5...#
........##h....#
.........@r#.######
........####......
........#..+.....
#######'#.##.....
#.....%<.....###
#......)####...##
#.......'...##..#
#.......###'###.#
#............##.##


You could see Natasha, a cerulean imp (summoned) and a quokka.

Vanquished Creatures
  2 worms (D:2)
  3 endoplasms
  A giant cockroach (D:2)
  4 goblins (D:2)
  7 hobgoblins
  3 jackals (D:1)
  3 quokkas
  6 ball pythons
  2 bats (D:1)
  2 frilled lizards (D:2)
  8 kobolds
  2 rats
43 creatures vanquished.

Notes
Turn   | Place    | Note
-------+----------+-------------------------------------------
     0 | D:1      | qw the Deep Elf Hunter began the quest for the Orb.
     0 | D:1      | Reached XP level 1. HP: 12/12 MP: 3/3
     0 | D:1      | 0 ||| qw: Version: 0.3-a-22-g0ed2b0b
     0 | D:1      | 0 ||| qw: Game counter: 5764
     0 | D:1      | 0 ||| qw: Melee chars always use a shield: true
     0 | D:1      | 0 ||| qw: God list: Okawaru
     0 | D:1      | 0 ||| qw: Allow faded altars: false
     0 | D:1      | 0 ||| qw: Do Orc after clearing Dungeon:15 true
     0 | D:1      | 0 ||| qw: Do second Lair branch before Depths: true
     0 | D:1      | 0 ||| qw: Lair rune preference: random
     0 | D:1      | 0 ||| qw: Goals: Normal
     0 | D:1      | 0 ||| PLANNING D:1-11
   213 | D:1      | Reached XP level 2. HP: 16/16 MP: 4/4
   228 | D:1      | Reached skill level 6 in Ranged Weapons
   718 | D:1      | 718 ||| READING 2 scrolls labelled KOETAM FACWATY.
   747 | D:1      | 747 ||| READING 2 scrolls labelled EDWECV LAITH.
   748 | D:1      | 748 ||| READING scroll labelled FADWUP TUILE.
   749 | D:1      | 749 ||| READING scroll labelled NEIPSA UCKUO.
   753 | D:1      | 753 ||| DROPPING scroll of torment.
   754 | D:1      | 754 ||| DROPPING scroll of butterflies.
   812 | D:2      | Reached XP level 3. HP: 20/20 MP: 5/5
   914 | D:2      | Reached skill level 7 in Ranged Weapons
   915 | D:2      | 915 ||| DROPPING +1 sling of freezing.
  1084 | D:2      | Noticed Natasha
  1089 | D:2      | HP: 4/20 [Natasha (6)]
  1090 | D:2      | Killed from afar by Natasha

Levels and vault maps discovered:
D:1:      co_arrival_random_square_maze, layout_basic, st_stairs_13,
          supply_closet_lemuel, dk_noncrumbling_2, minmay_worlds_worst_comb
D:2:      layout_basic, uniq_natasha

Skill      XL: |  1  2  3 |
---------------+----------+-----
Ranged Weapons | 6 7 |  7.1
Fighting       | |  1.5
Dodging        | |  2.4
Stealth        | |  1.2

Action                     || total
---------------------------++-------
   Fire: Shortbow          ||   122
    Use: Scroll            ||     4
 Armour: Leather armour    ||    13
  Dodge: Dodged            ||    47

Table legend:
 A = Non-vault XP
 B = Vault XP
 C = Vault XP percentage of total XP
 D = Non-vault monster count
 E = Vault monster count
 F = Vault count percentage of total count
                 A         B        C        D         E       F
            +---------+---------+-------+---------+---------+-------
      Total |      72 |       2 |   2.7 |      41 |       2 |   4.7
            +---------+---------+-------+---------+---------+-------
        D:1 |      36 |       2 |   5.3 |      23 |       2 |   8.0
        D:2 |      36 |       0 |   0.0 |      18 |       0 |   0.0
            +---------+---------+-------+---------+---------+-------
